 Dungeon Crawl Stone Soup version 0.21.0-37-g46506fa (webtiles) character file.

45 Monsterracer the Scratcher (level 3, -4/15 HPs)
             Began as a Felid Transmuter on Jan 31, 2018.
             Killed from afar by Natasha (10 damage)
             ... with a magic dart
             ... on level 2 of the Dungeon.
             The game lasted 00:04:54 (2118 turns).

Monsterracer the Scratcher (Felid Transmuter)       Turns: 2118, Time: 00:04:55

Health: -4/15      AC:  1    Str:  6    XL:     3   Next: 42%
Magic:  5/7        EV: 19    Int: 15    God:
Gold:   47         SH:  0    Dex: 16    Spells: 0/6 levels left
                                        Lives:  0   Deaths: 0

rFire    . . .     SeeInvis +     - Unarmed
rCold    . . .     Gourm    .   (shield unavailable)
rNeg     . . .     Faith    .   (armour unavailable)
rPois    +         Spirit   .   (helmet unavailable)
rElec    .         Reflect  .   (cloak unavailable)
rCorr    .         Harm     .   (gloves unavailable)
MR       .....                  (boots unavailable)
Stlth    ++........             g - amulet of rage
HPRegen  0.05/turn              m - ring of poison resistance {!d}
MPRegen  0.10/turn              (no ring)

@: slowed, slow
A: very small, no armour, no weapons or thrown items, stealth, claws 1, fangs 3,
see invisible, carnivore, speed 1, shaggy fur 1, slow metabolism 1, sharp paws
a: Evoke Berserk Rage


You were on level 2 of the Dungeon.
You were very full.

You visited 1 branch of the dungeon, and saw 2 of its levels.

You collected 47 gold pieces.

Inventory:

Missiles
 a - 12 arrows
Jewellery
 g - an amulet of rage (around neck)
 m - a ring of poison resistance (left paw) {!d}
Scrolls
 d - a scroll of enchant armour {unknown}
 e - a scroll of random uselessness {unknown}
 k - 2 scrolls of identify {unknown}
 n - a scroll of enchant weapon {unknown}
Potions
 f - 2 potions of mutation {unknown}
 h - a potion of flight {unknown}
 i - a potion of invisibility {unknown}
 j - a potion of ambrosia {unknown}
Books
 b - a book of Changes

   Spells                             Type                      Level
   a - Beastly Appendage              Transmutation                1
   b - Sticks to Snakes               Transmutation                2
   c - Spider Form                    Transmutation/Poison         3
   d - Ice Form                       Ice/Transmutation            4
   e - Blade Hands                    Transmutation                5
Comestibles
 c - 6 rations
 l - 2 chunks of flesh


   Skills:
 - Level 1.0 Fighting
 + Level 3.4 Dodging
 + Level 1.9 Stealth
 * Level 3.8 Unarmed Combat
 - Level 2.0 Spellcasting
 + Level 2.4 Transmutations


You couldn't memorise any spells.
You knew the following spells:

 Your Spells              Type           Power        Failure   Level  Hunger
a - Beastly Appendage     Tmut           #.....       9%          1    #......
b - Sticks to Snakes      Tmut           #.......     12%         2    ###....
c - Spider Form           Tmut/Pois      #.........   38%         3    ###....


Dungeon Overview and Level Annotations

Branches:
Dungeon (2/15)

Altars:
Xom

Annotations:
D:2 Natasha


Innate Abilities, Weirdness & Mutations

You cannot wear armour.
You are incapable of wielding weapons or throwing items.
Your paws allow you to move quietly. (Stealth)
You have sharp claws.
You have razor-sharp teeth.
You have supernaturally acute eyesight. (SInv)
You are carnivorous and can eat meat at any time.
You cover ground quickly.
You are covered in fur. (AC +1)
You have a slow metabolism.
Your sharp claws are effective at attacking unaware monsters.


Message History

The goblin is moderately wounded.
The goblin closely misses you.
You closely miss the goblin.
The goblin is moderately wounded.
The goblin misses you.
You closely miss the goblin.
The goblin is moderately wounded.
The goblin misses you.
You scratch the goblin.
You kill the goblin!
No target in view!
No target in view!
m - a garnet ring You see here a dagger.
Put on which piece of jewellery? (? for menu, Esc to quit)
m - a ring of poison resistance (left paw)
You see here a robe.
k - 2 scrolls labeled RECOXO JIOM (gained 1)
A giant cockroach comes into view.
A giant cockroach is nearby!
You see here a ration.
Found a scroll labeled KUCYOSTIANK.
You scratch the giant cockroach.
The giant cockroach is heavily wounded.
The giant cockroach misses you.
You closely miss the giant cockroach. You claw the giant cockroach.
The giant cockroach is almost dead.
The giant cockroach bites you.
You take 1 damage, and have 14/15 hp.
You scratch the giant cockroach.
You kill the giant cockroach!
No target in view!
No target in view!
HP restored.
c - 6 rations (gained 1)
A frilled lizard comes into view.
Health restored: 15 A frilled lizard is nearby!
No target in view!
No target in view!
No target in view!
The frilled lizard is too close now for your liking.
No target in view!
No target in view!
No target in view!
The helpless frilled lizard fails to defend itself.
You claw the frilled lizard!
You kill the frilled lizard!
No target in view!
You see here a frilled lizard corpse.
n - a scroll labeled KUCYOSTIANK A frilled lizard comes into view.
Found a stone staircase leading down.
A goblin comes into view. It is wielding a dagger.
The goblin shouts!
The frilled lizard hisses angrily.
You hear a shout!
Found 16 arrows.
You scratch the frilled lizard.
You kill the frilled lizard!
A kobold comes into view.
Natasha, Servant of Life and Death comes into view.
The goblin hits you with a dagger.
There is a stone staircase leading down here.
You take 3 damage, and have 12/15 hp.
Natasha hisses angrily.
The kobold drinks a potion.
The kobold suddenly seems more agile.
Casting: Spider Form
Confirm with . or Enter, or press ? or * to list all spells.
You turn into a venomous arachnid creature.
You now have 4/7 mp.
You hit the goblin.
The goblin is poisoned.
The goblin is heavily wounded.
You kill the goblin!
The kobold throws a stone.
The stone misses you.
The kobold throws a stone.
The stone misses you.
Natasha stares at you and mumbles some strange words.
You resist with some effort.
You see here a stone.
Your transformation is almost over.
You hit Natasha.
Natasha is moderately wounded.
Natasha completely misses you.
You closely miss Natasha.
Natasha is moderately wounded.
Natasha stares at you and mumbles some strange words.
You feel yourself slow down.
You hit Natasha but do no damage.
Natasha is moderately wounded.
Natasha barely misses you. x2
You hit Natasha.
Natasha is heavily wounded.
Natasha misses you.
You hit Natasha.
Natasha is poisoned.
Natasha is heavily wounded.
Your transformation has ended.
Natasha claws you.
* * * LOW HITPOINT WARNING * * *
Natasha casts a spell at you. The magic dart hits you!
Ouch! That really hurt!
You die...

... #K### #...
#######..############
......h...........P. P# #
.(h....>..........♣ .P. .
########)######P.P♣♣♣PP.
# #.#####...♣♣.... #
#Kh@.....♣♣...######
##########..P♣♣..........
...........#.....######.#
..............†.## #..
..........#..P♣.# ###
..........###..### #####
.................####....
#########.######.##......
#.#....#.##.#....


You could see Natasha and a kobold.

Vanquished Creatures
  An adder (D:2)
  A worm (D:2)
  A dart slug (D:1)
  2 leopard geckos (D:2)
  A giant cockroach (D:2)
  4 goblins
  3 hobgoblins
  5 jackals (D:1)
  A ball python (D:1)
  3 bats
  3 frilled lizards
  2 kobolds (D:1)
  A rat (D:2)
28 creatures vanquished.

Notes
Turn   | Place    | Note
-------+----------+-------------------------------------------
     0 | D:1      | Monsterracer the Felid Transmuter began the quest for the Orb.
     0 | D:1      | Reached XP level 1. HP: 9/9 MP: 4/4
   216 | D:1      | Found a shimmering altar of Xom.
   394 | D:1      | Reached skill level 1 in Stealth
   419 | D:1      | HP: 4/9 [kobold/stone (4)]
   426 | D:1      | Reached XP level 2. HP: 6/12 MP: 6/6
   636 | D:1      | HP: 5/12 [jackal (2)]
   647 | D:1      | Learned a level 2 spell: Sticks to Snakes
   881 | D:1      | HP: 6/12 [jackal (3)]
  1455 | D:2      | HP: 4/12 [leopard gecko (4)]
  1553 | D:2      | HP: 6/12 [rat (1)]
  1728 | D:2      | Reached XP level 3. HP: 15/15 MP: 5/7
  1733 | D:2      | Learned a level 3 spell: Spider Form
  1767 | D:2      | HP: 7/15 [worm (8)]
  2103 | D:2      | Noticed Natasha
  2118 | D:2      | HP: 6/15 [Natasha (6)]
  2118 | D:2      | Killed from afar by Natasha

Skill      XL: |  1 |
---------------+----+-----
Dodging        | 3 |  3.4
Stealth        | 1 |  1.9
Fighting       | |  1.0
Unarmed Combat | |  3.8
Spellcasting   | |  2.0
Transmutations | |  2.4

Action                   || total
-------------------------++-------
Melee: Unarmed           ||    93
       Punch             ||     2
       Bite              ||     4
       Headbutt          ||     3
 Cast: Beastly Appendage ||     9
       Spider Form       ||     3
 Stab: Sleeping          ||     2
  Eat: Chunk             ||    10
Armor: Skin              ||     7
Dodge: Dodged            ||    87

Vault maps used:
D:1:      shiori_shiawase, st_stairs_11, xom_teletrap_fun
D:2:      serial_forest, infiniplex_forest_end_2, infiniplex_forest_corner_2,
          infiniplex_forest_clump_curved, infiniplex_forest_end_2,
          infiniplex_forest_corner_2, infiniplex_forest_lined_room_2,
          uniq_crazy_yiuf_cottage, uniq_natasha
